TOP OF THE 1ST |
Lexington Legends batting - Pitching for Lansing Lugnuts : RHP Dan Korte
|
Pitching: RHP Dan Korte
|
|
Batting: RHB Mike Bearden
|
0-0: Ball 1-0: Called Strike 1-1: Called Strike 1-2: Foul Ball, location: 2F 1-2: Strikes out swinging
|
Batting: RHB Jonas Fernandez
|
0-0: Swinging Strike 0-1: Foul Ball, location: 2F 0-2: Ball 1-2: Foul Ball, location: 2F 1-2: Ball 2-2: Strikes out swinging
|
Batting: RHB Carlos Almada
|
0-0: Ball 1-0: Ground out 6-3 (Groundball, 6M, EV 86.2 MPH)
|
Top of the 1st over - 0 runs, 0 hits, 0 errors, 0 left on base; Lexington 0 - Lansing 0 |
BOTTOM OF THE 1ST |
Lansing Lugnuts batting - Pitching for Lexington Legends : LHP Melvin Ontiveros
|
Pitching: LHP Melvin Ontiveros
|
|
Batting: RHB Brian Manson
|
0-0: Called Strike 0-1: Ball 1-1: Foul Ball, location: 2F 1-2: Ground out 1-3 (Groundball, 15S, EV 63.1 MPH)
|
Batting: RHB Dylan Phillips
|
0-0: Called Strike 0-1: Ball 1-1: Ground out 5-3 (Groundball, 56, EV 103.1 MPH)
|
Batting: RHB Freddy Quintero
|
0-0: Ball 1-0: Ball 2-0: Ball 3-0: Called Strike 3-1: Swinging Strike 3-2: SINGLE (Groundball, 5S, EV 69.4 MPH) (infield hit)
|
Batting: RHB Selam Chimsima
|
0-0: Swinging Strike 0-1: Called Strike 0-2: Strikes out swinging
|
Bottom of the 1st over - 0 runs, 1 hit, 0 errors, 1 left on base; Lexington 0 - Lansing 0 |
TOP OF THE 2ND |
Lexington Legends batting - Pitching for Lansing Lugnuts : RHP Dan Korte
|
Batting: LHB Mike Bhatti
|
0-0: Ball 1-0: Foul Ball, location: 2F 1-1: Ball 2-1: Fly out, F5 (Popup, 5SF, EV 67.5 MPH)
|
Batting: LHB Vicente Hernandez
|
0-0: Swinging Strike 0-1: Ball 1-1: Foul Ball, location: 2F 1-2: Strikes out swinging
|
Batting: LHB Shohei Nishi
|
0-0: Ball 1-0: Ball 2-0: SINGLE (Groundball, 34D, EV 99.4 MPH)
|
Batting: RHB Chance Argy
|
0-0: Ball Shohei Nishi is caught stealing 2nd base 2-4
|
Top of the 2nd over - 0 runs, 1 hit, 0 errors, 0 left on base; Lexington 0 - Lansing 0 |
BOTTOM OF THE 2ND |
Lansing Lugnuts batting - Pitching for Lexington Legends : LHP Melvin Ontiveros
|
Batting: RHB Ricky Carbajal
|
0-0: Foul Ball, location: 2F 0-1: Ball 1-1: Fly out, F9 (Flyball, 9D, EV 90.0 MPH)
|
Batting: RHB Shunsuke Shiba Inu
|
0-0: Ball 1-0: Fly out, F8 (Flyball, 8LD, EV 87.5 MPH)
|
Batting: RHB Dan Muns
|
0-0: Ball 1-0: Called Strike 1-1: Ball 2-1: Ball 3-1: Called Strike 3-2: Base on Balls
|
Batting: RHB Dan Hilyer
|
0-0: Ball 1-0: Called Strike 1-1: Foul Ball, location: 2F 1-2: Foul Ball, location: 2F 1-2: Fly out, F8 (Flyball, 8LS, EV 98.1 MPH)
|
Bottom of the 2nd over - 0 runs, 0 hits, 0 errors, 1 left on base; Lexington 0 - Lansing 0 |
TOP OF THE 3RD |
Lexington Legends batting - Pitching for Lansing Lugnuts : RHP Dan Korte
|
Batting: RHB Chance Argy
|
0-0: Ball 1-0: Ball 2-0: Foul Ball, location: 2F 2-1: Foul Ball, location: 2F 2-2: Ball 3-2: Strikes out swinging
|
Batting: SHB Danny Ballenger
|
0-0: Swinging Strike 0-1: Foul Ball, location: 2F 0-2: Ball 1-2: Foul Ball, location: 2F 1-2: Ball 2-2: Ground out 5-3 (Groundball, 5, EV 81.9 MPH)
|
Batting: LHB David Bearden
|
0-0: Called Strike 0-1: Foul Ball, location: 2F 0-2: Ball 1-2: Foul Ball, location: 2F 1-2: Foul Ball, location: 2F 1-2: Ground out 4-3 (Groundball, 4, EV 80.0 MPH)
|
Top of the 3rd over - 0 runs, 0 hits, 0 errors, 0 left on base; Lexington 0 - Lansing 0 |
BOTTOM OF THE 3RD |
Lansing Lugnuts batting - Pitching for Lexington Legends : LHP Melvin Ontiveros
|
Batting: LHB Frank Nelson
|
0-0: Foul Ball, location: 2F 0-1: Ball 1-1: Ground out 4-3 (Groundball, 4, EV 81.2 MPH)
|
Batting: RHB Brian Manson
|
0-0: Foul Ball, location: 2F 0-1: Ball 1-1: Foul Ball, location: 2F 1-2: Ground out 4-3 (Groundball, 4, EV 78.8 MPH)
|
Batting: RHB Dylan Phillips
|
0-0: Called Strike 0-1: Foul Ball, location: 2F 0-2: Ball 1-2: Foul Ball, location: 2F 1-2: Ball 2-2: Fly out, F8 (Flyball, 8RXD, EV 91.9 MPH)
|
Bottom of the 3rd over - 0 runs, 0 hits, 0 errors, 0 left on base; Lexington 0 - Lansing 0 |
TOP OF THE 4TH |
Lexington Legends batting - Pitching for Lansing Lugnuts : RHP Dan Korte
|
Batting: RHB Mike Bearden
|
0-0: Ground out 4-3 (Groundball, 34, EV 104.4 MPH)
|
Batting: RHB Jonas Fernandez
|
0-0: SINGLE (Groundball, 6MD, EV 101.9 MPH)
|
Batting: RHB Carlos Almada
|
0-0: Ball 1-0: Ground out 5-3 (Groundball, 56S, EV 64.4 MPH) Jonas Fernandez to second
|
Batting: LHB Mike Bhatti
|
0-0: Ball 1-0: Swinging Strike 1-1: Fly out, F9 (Line Drive, 9LM, EV 99.4 MPH)
|
Top of the 4th over - 0 runs, 1 hit, 0 errors, 1 left on base; Lexington 0 - Lansing 0 |
BOTTOM OF THE 4TH |
Lansing Lugnuts batting - Pitching for Lexington Legends : LHP Melvin Ontiveros
|
Batting: RHB Freddy Quintero
|
0-0: Called Strike 0-1: Foul Ball, location: 2F 0-2: Ball 1-2: Ball 2-2: Foul Ball, location: 2F 2-2: Ball 3-2: Foul Ball, location: 2F 3-2: SINGLE (Flyball, 9LS, EV 87.5 MPH)
|
Batting: RHB Selam Chimsima
|
0-0: Fly out, F8 (Flyball, 89M, EV 78.8 MPH)
|
Batting: RHB Ricky Carbajal
|
0-0: Ball 1-0: Fly out, F8 (Flyball, 8RXD, EV 105.6 MPH)
|
Batting: RHB Shunsuke Shiba Inu
|
0-0: Fly out, F7 (Flyball, 7LM, EV 93.1 MPH)
|
Bottom of the 4th over - 0 runs, 1 hit, 0 errors, 1 left on base; Lexington 0 - Lansing 0 |
TOP OF THE 5TH |
Lexington Legends batting - Pitching for Lansing Lugnuts : RHP Dan Korte
|
Batting: LHB Vicente Hernandez
|
0-0: Foul Ball, location: 2F 0-1: Ball 1-1: Foul Ball, location: 2F 1-2: Strikes out swinging
|
Batting: LHB Shohei Nishi
|
0-0: TRIPLE (Line Drive, 89XD, EV 105.0 MPH)
|
Batting: RHB Chance Argy
|
0-0: Ball 1-0: Called Strike 1-1: SINGLE (Groundball, 34D, EV 103.8 MPH) Shohei Nishi scores
|
Batting: SHB Danny Ballenger
|
0-0: Ball 1-0: Fielders Choice at 2nd, 4-6 (Groundball, 4, EV 101.9 MPH)
|
Batting: LHB David Bearden
|
0-0: Ball 1-0: Foul Ball, location: 2F 1-1: Ball 2-1: Called Strike 2-2: Strikes out swinging
|
Top of the 5th over - 1 run, 2 hits, 0 errors, 1 left on base; Lexington 1 - Lansing 0 |
BOTTOM OF THE 5TH |
Lansing Lugnuts batting - Pitching for Lexington Legends : LHP Melvin Ontiveros
|
Batting: RHB Dan Muns
|
0-0: Called Strike 0-1: Foul Ball, location: 2F 0-2: Ball 1-2: Strikes out swinging
|
Batting: RHB Dan Hilyer
|
0-0: Called Strike 0-1: Ball 1-1: SINGLE (Line Drive, 6M, EV 94.4 MPH)
|
Batting: LHB Frank Nelson
|
0-0: SINGLE (Line Drive, 56D, EV 107.5 MPH) Dan Hilyer to second
|
Batting: RHB Brian Manson
|
0-0: Ball 1-0: Called Strike 1-1: Called Strike 1-2: Foul Ball, location: 2F 1-2: SINGLE (Groundball, 4MD, EV 103.1 MPH) Dan Hilyer to third Frank Nelson to second
|
Batting: RHB Dylan Phillips
|
0-0: Ball 1-0: Ball 2-0: Called Strike 2-1: Fielders Choice at 2nd, 5-4 (Groundball, 56S, EV 86.2 MPH) Dan Hilyer scores Frank Nelson to third
|
Batting: RHB Freddy Quintero
|
0-0: Ball 1-0: Foul Ball, location: 2F 1-1: Ball 2-1: 3-RUN HOME RUN (Flyball, 89XD, EV 100.6 MPH), Distance : 406 ft
|
Batting: RHB Selam Chimsima
|
0-0: Ball 1-0: Ball 2-0: Called Strike 2-1: Foul Ball, location: 2F 2-2: Strikes out looking
|
Bottom of the 5th over - 4 runs, 4 hits, 0 errors, 0 left on base; Lexington 1 - Lansing 4 |
TOP OF THE 6TH |
Lexington Legends batting - Pitching for Lansing Lugnuts : RHP Dan Korte
|
Batting: RHB Mike Bearden
|
0-0: Ball 1-0: Ball 2-0: Ball 3-0: Called Strike 3-1: Base on Balls
|
Batting: RHB Jonas Fernandez
|
0-0: Called Strike Mike Bearden steals 2nd base 0-1: Ball 1-1: Swinging Strike 1-2: Strikes out looking
|
Batting: RHB Carlos Almada
|
0-0: Ball 1-0: Swinging Strike 1-1: Ground out 4-3 (Groundball, 34D, EV 99.4 MPH) Mike Bearden to third
|
Batting: LHB Mike Bhatti
|
0-0: Ball 1-0: Ball 2-0: Called Strike 2-1: Ball 3-1: Called Strike 3-2: Ground out 4-3 (Groundball, 4, EV 100.0 MPH)
|
Top of the 6th over - 0 runs, 0 hits, 0 errors, 1 left on base; Lexington 1 - Lansing 4 |
BOTTOM OF THE 6TH |
Lansing Lugnuts batting - Pitching for Lexington Legends : LHP Melvin Ontiveros
|
Pitching: RHP Kolenka Leschenya
|
|
Batting: RHB Ricky Carbajal
|
0-0: Ball 1-0: DOUBLE (Flyball, 78XD, EV 94.4 MPH)
|
Batting: RHB Shunsuke Shiba Inu
|
0-0: Called Strike 0-1: Foul Ball, location: 2F 0-2: Ground out 6-3 (Groundball, 6M, EV 106.2 MPH) Ricky Carbajal to third
|
Batting: RHB Dan Muns
|
0-0: Called Strike 0-1: Foul Ball, location: 2F 0-2: Ball 1-2: SINGLE (Line Drive, 78M, EV 90.0 MPH) Ricky Carbajal scores
|
Batting: RHB Dan Hilyer
|
0-0: Called Strike 0-1: Ball 1-1: Foul Ball, location: 2F 1-2: DOUBLE (Flyball, 8RXD, EV 114.4 MPH) Dan Muns to third
|
Batting: LHB Frank Nelson
|
0-0: Ball 1-0: Ball 2-0: Foul Ball, location: 2F 2-1: Foul Ball, location: 2F 2-2: Ball 3-2: Foul Ball, location: 2F 3-2: Strikes out swinging
|
Batting: RHB Brian Manson
|
0-0: Swinging Strike 0-1: Ball 1-1: DOUBLE (Line Drive, 9LD, EV 108.1 MPH) Dan Muns scores Dan Hilyer scores
|
Pitching: RHP Paul Gibbens
|
|
Batting: RHB Dylan Phillips
|
0-0: Ball 1-0: Foul Ball, location: 2F 1-1: Ball 2-1: Ball 3-1: SINGLE (Groundball, 6MD, EV 101.9 MPH) (infield hit) Brian Manson to third
|
Batting: RHB Freddy Quintero
|
0-0: Called Strike 0-1: Swinging Strike 0-2: Foul Ball, location: 2F 0-2: Foul Ball, location: 2F 0-2: Ball 1-2: Ball 2-2: Foul Ball, location: 2F 2-2: Ball 3-2: Base on Balls Dylan Phillips to second
|
Batting: RHB Selam Chimsima
|
0-0: Ball 1-0: Ball 2-0: Called Strike 2-1: Foul Ball, location: 2F 2-2: GRAND SLAM HOME RUN (Flyball, 9LD, EV 98.8 MPH), Distance : 361 ft
|
Batting: RHB Ricky Carbajal
|
0-0: Swinging Strike 0-1: Foul Ball, location: 2F 0-2: Strikes out swinging
|
Bottom of the 6th over - 7 runs, 6 hits, 0 errors, 0 left on base; Lexington 1 - Lansing 11 |
TOP OF THE 7TH |
Lexington Legends batting - Pitching for Lansing Lugnuts : RHP Dan Korte
|
Batting: LHB Vicente Hernandez
|
0-0: Foul Ball, location: 2F 0-1: Ground out 5-3 (Groundball, 56S, EV 84.4 MPH)
|
Pinch Hitting: SHB Alex Cavazos
|
0-0: Called Strike 0-1: Foul Ball, location: 2F 0-2: Foul Ball, location: 2F 0-2: Ball 1-2: Ball 2-2: Strikes out looking
|
Batting: LHB Danny Zuniga
|
0-0: Called Strike 0-1: Foul Ball, location: 2F 0-2: Ground out U3 (Groundball, 3, EV 102.5 MPH)
|
Top of the 7th over - 0 runs, 0 hits, 0 errors, 0 left on base; Lexington 1 - Lansing 11 |
BOTTOM OF THE 7TH |
Lansing Lugnuts batting - Pitching for Lexington Legends : RHP Paul Gibbens
|
Now in RF: Alex Cavazos
|
|
Batting: RHB Shunsuke Shiba Inu
|
0-0: Called Strike 0-1: Ball 1-1: Ball 2-1: Foul Ball, location: 2F 2-2: Strikes out swinging
|
Batting: RHB Dan Muns
|
0-0: Ball 1-0: Ball 2-0: Swinging Strike 2-1: Foul Ball, location: 2F 2-2: Foul Ball, location: 2F 2-2: Ball 3-2: Strikes out swinging, 2-3 out at first.
|
Pinch Hitting: RHB Bryan Mattis
|
0-0: Called Strike 0-1: Swinging Strike 0-2: Strikes out looking
|
Bottom of the 7th over - 0 runs, 0 hits, 0 errors, 0 left on base; Lexington 1 - Lansing 11 |
TOP OF THE 8TH |
Lexington Legends batting - Pitching for Lansing Lugnuts : RHP Dan Korte
|
Now in LF: Bryan Mattis
|
|
Batting: SHB Danny Ballenger
|
0-0: Called Strike 0-1: Ball 1-1: Foul Ball, location: 2F 1-2: Foul Ball, location: 2F 1-2: Ball 2-2: Ground out 3-1 (Groundball, 34, EV 85.6 MPH)
|
Batting: LHB David Bearden
|
0-0: Called Strike 0-1: Ground out 6-3 (Groundball, 6, EV 78.8 MPH)
|
Batting: RHB Mike Bearden
|
0-0: Swinging Strike 0-1: Called Strike 0-2: Fly out, F8 (Flyball, 8RXD, EV 77.5 MPH)
|
Top of the 8th over - 0 runs, 0 hits, 0 errors, 0 left on base; Lexington 1 - Lansing 11 |
BOTTOM OF THE 8TH |
Lansing Lugnuts batting - Pitching for Lexington Legends : RHP Paul Gibbens
|
Pitching: RHP Mike Galvin
|
|
Batting: LHB Frank Nelson
|
0-0: Foul Ball, location: 2F 0-1: Foul Ball, location: 2F 0-2: Ball 1-2: Ground out 5-3 (Groundball, 5L, EV 83.8 MPH)
|
Batting: RHB Brian Manson
|
0-0: Ball 1-0: Ground out 4-3 (Groundball, 4M, EV 101.9 MPH)
|
Batting: RHB Dylan Phillips
|
0-0: Ball 1-0: Swinging Strike 1-1: Foul Ball, location: 2F 1-2: Ball 2-2: Ball 3-2: Foul Ball, location: 2F 3-2: Ground out U3 (Groundball, 34, EV 100.0 MPH)
|
Bottom of the 8th over - 0 runs, 0 hits, 0 errors, 0 left on base; Lexington 1 - Lansing 11 |
TOP OF THE 9TH |
Lexington Legends batting - Pitching for Lansing Lugnuts : RHP Dan Korte
|
Now at 1B: Gary Wilson
|
|
Batting: RHB Jonas Fernandez
|
0-0: Fly out, F4 (Popup, 4, EV 50.6 MPH)
|
Batting: RHB Carlos Almada
|
0-0: Called Strike 0-1: Ball 1-1: Called Strike 1-2: Strikes out swinging
|
Batting: LHB Mike Bhatti
|
0-0: SINGLE (Groundball, 4MD, EV 96.2 MPH)
|
Batting: LHB Vicente Hernandez
|
0-0: Ball 1-0: Ball 2-0: Ball 3-0: Called Strike 3-1: Foul Ball, location: 2F 3-2: Strikes out looking
|
Top of the 9th over - 0 runs, 1 hit, 0 errors, 1 left on base; Lexington 1 - Lansing 11 |
|